 Dungeon Crawl Stone Soup version 0.28.0-43-g3370ac3207 (webtiles) character file.

Game seed: 15679489369970856493

1152 Hrothgar the Ruffian (level 8, -6/78 HPs)
             Began as a Troll Berserker on Mar 2, 2022.
             Was a Priest of Trog.
             Splashed by a jelly's acid (8 damage)
             ... on level 6 of the Dungeon.
             The game lasted 00:30:35 (4906 turns).

Hrothgar the Ruffian (Troll Berserker)              Turns: 4906, Time: 00:30:36

Health: -6/78      AC: -3    Str: 26    XL:     8   Next: 16%
Magic:  7/7        EV: 11    Int:  3    God:    Trog [***...]
Gold:   224        SH:  0    Dex: 17    Spells: 7/7 levels left

rFire   . . .      SeeInvis .   b - +3 mace of Kismet {vorpal, rElec rN+}
rCold   . . .      Faith    +   (no shield)
rNeg    + . .      Spirit   .   a - +1 animal skin
rPois   .          Reflect  .   (helmet restricted)
rElec   +          Harm     .   (no cloak)
rCorr   .          Rampage  .   (gloves unavailable)
Will    +....                   (boots unavailable)
Stlth   ++........              i - amulet of faith
HPRegen 1.03/turn               g - ring of willpower
MPRegen 0.10/turn               o - +6 ring of dexterity

@: brilliant, corroded, on berserk cooldown, slowed, very slow
A: large, unfitting armour, claws 3, regeneration 1, shaggy fur 1, tough skin 1
a: Renounce Religion, Berserk, Trog's Hand


You were on level 6 of the Dungeon.
You worshipped Trog.
Trog was most pleased with you.
You visited 1 branch of the dungeon, and saw 6 of its levels.

You collected 252 gold pieces.
You spent 28 gold pieces at shops.

Inventory:

Hand Weapons
 b - the +3 mace of Kismet (weapon) {vorpal, rElec rN+}
   (You found it on level 2 of the Dungeon)

   It inflicts extra damage upon your enemies.
   rElec:     It insulates you from electricity.
   rN:        It protects you from negative energy.
Missiles
 h - 2 silver javelins (quivered)
 r - 2 boomerangs
Armour
 a - a +1 animal skin (worn)
Jewellery
 c - a ring of positive energy
 g - a ring of willpower (left claw)
 i - an amulet of faith (around neck)
 o - a +6 ring of dexterity (right claw)
Wands
 j - a wand of polymorph (6)
Scrolls
 l - 2 scrolls of immolation {unknown}
 n - a scroll of noise
 q - 2 scrolls of amnesia {unknown}
Potions
 d - a potion of haste
 e - a potion of brilliance
 m - a potion of heal wounds {unknown}
 p - a potion of mutation {unknown}
 s - a potion of attraction {unknown}


   Skills:
 * Level 3.9 Fighting
 * Level 4.1 Maces & Flails
 * Level 3.2 Throwing
 * Level 4.0 Dodging
 * Level 1.4 Stealth
 * Level 4.6 Unarmed Combat
 * Level 1.4 Evocations


You had 7 spell levels left.
You didn't know any spells.
Your spell library was empty.

Dungeon Overview and Level Annotations

Branches:
Dungeon (6/15)             Temple (0/1) D:4

Altars:
Cheibriados
Dithmenos
Fedhas
Gozag
Vehumet
Wu Jian

Shops:
D:1 ?


Innate Abilities, Weirdness & Mutations

You are too large for most types of armour.
You have claws for hands.
Your natural rate of healing is unusually fast.
You are covered in fur. (AC +1)
You have tough skin. (AC +1)


Message History

The orc wizard closely misses you. The gnoll hits you with a +0 flail.
Your surroundings suddenly seem different.
A water moccasin and a jelly come into view.
Found 16 stones.
The water moccasin hisses angrily.
The water moccasin barely misses you. The water moccasin bites you.
The water moccasin closely misses you. The water moccasin bites you.
There is a shaft, spattered with blood here.
The water moccasin falls through a shaft!
The shaft crumbles and collapses.
You start resting.
An orc wizard is nearby!
Aiming: Polymorph
Press: ? - help, Shift-Dir - straight line, f - jelly
Aim: a jelly (asleep, will become a killer bee, a sky beast, or a bullfrog, chance to affect: 61%)
The jelly quivers.
The jelly resists with significant effort.
Aiming: Polymorph
Press: ? - help, Shift-Dir - straight line, f/p - jelly
Aim: a jelly (will become a killer bee, a sky beast, or a bullfrog, chance to affect: 61%)
The jelly resists with significant effort.
You sock the jelly!
Your claws burn!
The jelly is severely wounded.
The jelly hits you. The acid corrodes you!
You are splashed with acid!
The jelly closely misses you.
You barely miss the jelly.
The jelly is severely wounded.
The jelly hits you.
* * * LOW HITPOINT WARNING * * *
You are splashed with acid!
* * * LOW HITPOINT WARNING * * *
The orc wizard casts a spell at you. The puff of flame hits you!
* * * LOW HITPOINT WARNING * * *
It was a potion of brilliance.
You feel clever all of a sudden. The jelly hits you.
* * * LOW HITPOINT WARNING * * *
The acid corrodes you!
You are splashed with acid!
You die...

..# .. .^........#
..###... ....^.....#
........ .......^..#
.>.##.....^........#
..>...............(#
..........^.^.^^...#
..............^...^#
..[.......^.......#
................@.#
...............Jo##
........^^......##
#.............##
†.............
..........###
..........#
#g........#
)).g......#


You could see a jelly and an orc wizard.

Vanquished Creatures
  A sky beast (D:6)
  An ogre (D:5)
  2 ice beasts
  A gnoll sergeant (D:6)
  A scorpion (D:2)
  A wyvern zombie (D:5)
  A wyvern skeleton (D:5)
  2 hounds
  A centaur zombie (D:5)
  2 orc priests
  A gnoll shaman (D:5)
  5 orc wizards
  A hound skeleton (D:4)
  6 adders
  10 gnolls
  A howler monkey skeleton (D:4)
  A river rat (D:4)
  A white imp (D:5)
  An ufetubus (D:4)
  2 worms
  2 dart slugs
  5 orcs
  A ball python (D:3)
  2 bats
  3 endoplasms
  2 giant cockroaches
  2 goblins
  5 hobgoblins
  4 kobolds
  8 quokkas
  6 frilled lizards
  5 rats
87 creatures vanquished.

Notes
Turn   | Place    | Note
-------+----------+-------------------------------------------
     0 | D:1      | Hrothgar the Troll Berserker began the quest for the Orb.
     0 | D:1      | Reached XP level 1. HP: 22/22 MP: 0/0
   135 | D:1      | Reached XP level 2. HP: 29/29 MP: 1/1
   484 | D:1      | Found Odwos's Magic Scroll Shoppe.
   666 | D:1      | Found a faded altar of an unknown god.
   940 | D:2      | Reached XP level 3. HP: 24/36 MP: 2/2
  1148 | D:2      | Identified the +3 mace of Kismet {vorpal, rElec rN+}
  1663 | D:2      | Noticed a scorpion
  1668 | D:2      | Killed a scorpion
  1669 | D:2      | Reached XP level 4. HP: 45/45 MP: 3/3
  2193 | D:1      | Bought a scroll of identify for 28 gold pieces
  2395 | D:3      | Reached skill level 1 in Throwing
  2536 | D:3      | Reached ** piety under Trog
  2537 | D:3      | Reached XP level 5. HP: 45/53 MP: 4/4
  2541 | D:3      | Reached skill level 1 in Maces & Flails
  2629 | D:3      | Found a blossoming altar of Fedhas.
  2631 | D:3      | Found a radiant altar of Vehumet.
  2632 | D:3      | Found a snail-covered altar of Cheibriados.
  2632 | D:3      | Found a shadowy altar of Dithmenos.
  2633 | D:3      | Found an opulent altar of Gozag.
  2633 | D:3      | Found an ornate altar of the Wu Jian Council.
  3314 | D:4      | Found a staircase to the Ecumenical Temple.
  3485 | D:4      | Reached XP level 6. HP: 58/61 MP: 5/5
  3946 | D:5      | Entered Level 5 of the Dungeon
  4075 | D:5      | Noticed an ice beast
  4085 | D:5      | Killed an ice beast
  4097 | D:5      | Reached skill level 1 in Stealth
  4241 | D:5      | Reached XP level 7. HP: 58/67 MP: 6/6
  4258 | D:5      | Found the +3 warlock's mirror {reflect}
  4639 | D:5      | Reached skill level 1 in Evocations
  4817 | D:6      | Reached XP level 8. HP: 78/78 MP: 7/7
  4888 | D:6      | Reached *** piety under Trog
  4905 | D:6      | HP: 1/78 [orc wizard/puff of flame (11)]
  4906 | D:6      | Splashed by a jelly's acid

Illustrated notes

Levels and vault maps discovered:
D:1:      minmay_arrival_four_loops, layout_loops_ring,
          shapermc_ecumenical_altar_mp_vishouse, serial_shops,
          nicolae_shop_trees, hex_tiny
D:2:      layout_basic, serial_rivers, chequers_serial_rivers_micro_e,
          chequers_serial_rivers_small_b, chequers_serial_rivers_micro_a,
          chequers_serial_rivers_large_a, chequers_serial_rivers_small_b
D:3:      layout_loops_ring, grunt_temple_overflow_open, minmay_box_of_dots
D:4:      layout_gridville, minmay_temple_entry_arrows,
          chequers_decorated_corner
D:5:      layout_loops_corners
D:6:      minmay_flawed_box, layout_basic, gammafunk_ghost_grave, minmay_holes,
          uniq_grinder

Skill      XL: |  1  2  3  4  5  6  7  8 |
---------------+-------------------------+-----
Fighting       | 3 |  3.9
Dodging        | 3 4 |  4.0
Throwing       | 1 2 3 |  3.2
Maces & Flails | 1 2 3 4 |  4.1
Unarmed Combat | 4 |  4.6
Stealth        | 1 |  1.4
Evocations     | 1 |  1.4

Action                   |  1- 3 |  4- 6 |  7- 9 || total
-------------------------+-------+-------+-------++-------
Melee: Unarmed           |    52 |       |       ||    52
       Punch             |     1 |     1 |       ||     2
       Mace              |     3 |    67 |    46 ||   116
Throw: Large rock        |    13 |    22 |    17 ||    52
       Throwing net      |       |     1 |       ||     1
       Boomerang         |       |       |     6 ||     6
Invok: Berserk           |     1 |     3 |     4 ||     8
Evoke: Wand              |       |     1 |     3 ||     4
  Use: Scroll            |     1 |     2 |     2 ||     5
       Potion            |     1 |     1 |     1 ||     3
 Stab: Sleeping          |     1 |       |       ||     1
Armor: Animal skin       |    14 |    30 |    12 ||    56
Dodge: Dodged            |    25 |    36 |    26 ||    87
